 Dungeon Crawl Stone Soup version 0.31-a0-931-g7b59d4eb97 (webtiles) character file.

Game seed: 7291643190158831680

9258 Persephone the Grappler (level 11, -12/107 HPs)
             Began as a Troll Shapeshifter on Oct 19, 2023.
             Was an Elder of Nemelex Xobeh.
             Mangled by a two-headed ogre
             ... wielding a +0 giant spiked club
              (16 damage)
             ... on level 11 of the Dungeon.
             The game lasted 00:19:13 (8710 turns).

Persephone the Grappler (Troll Shapeshifter)        Turns: 8710, Time: 00:19:13

Health: -12/107    AC:  6    Str: 28    XL:     11   Next: 20%
Magic:  10/10      EV:  9    Int:  6    God:    Nemelex Xobeh [****..]
Gold:   511        SH:  0    Dex:  9    Spells: 10/10 levels left

rFire   + .          .
                       - Unarmed
rCold   . . .        (no shield)
rNeg    . . .        F - +2 robe
rPois   .            (helmet currently unavailable)
rElec   .            (cloak currently unavailable)
rCorr   .            (gloves unavailable)
SInv    .            (boots unavailable)
Will    .....        (no amulet)
Stlth   +            A - ring of protection from fire
HPRegen 1.17/turn    (no ring)
MPRegen 0.12/turn

%: no passive effects
@: beast-form
A: beast (slay +4), large, unfitting armour, claws 3, regeneration 1, shaggy fur
1, tough skin 1
a: Begin Untransformation, Renounce Religion, Draw Escape, Draw Destruction,
Draw Summoning, Triple Draw, Deal Four


You were on level 11 of the Dungeon.
You worshipped Nemelex Xobeh.
Nemelex Xobeh was greatly pleased with you.
You were a hulking beast.
You visited 3 branches of the dungeon, and saw 13 of its levels.
You also visited: Ossuary.

You collected 511 gold pieces.

Inventory:

Armour
 a - a +0 animal skin
 F - a +2 robe (worn)
Jewellery
 A - a ring of protection from fire (left claw)
 B - a ring of magical power
 G - a +6 ring of intelligence
 I - the ring "Reoklaq" {+Blink rElec rCorr Int+2 Dex+3}
   (You found it on level 9 of the Dungeon)

   [ring of resist corrosion]

   Int+2:     It affects your intelligence (+2).
   Dex+3:     It affects your dexterity (+3).
   rElec:     It insulates you from electricity.
   +Blink:    It lets you blink.
   rCorr:     It protects you from acid and corrosion.
Talismans
 c - a beast talisman (active)
 d - a flux talisman
 i - a maw talisman
Wands
 f - a wand of digging (4)
 k - a wand of roots (22)
 x - a wand of flame (61)
 H - a wand of polymorph (12)
Scrolls
 e - 3 scrolls of fog
 g - 2 scrolls of blinking
 h - 6 scrolls of fear
 l - a scroll of butterflies
 r - 5 scrolls of teleportation
 y - a scroll of vulnerability
 C - a scroll of identify
 D - a scroll of enchant weapon
Potions
 b - 5 potions of lignification
 j - 5 potions of might
 m - 5 potions of mutation
 n - a potion of enlightenment
 o - 2 potions of magic
 p - 7 potions of curing
 q - 3 potions of brilliance
 s - 2 potions of heal wounds
 t - 2 potions of degeneration {unknown}
 u - 5 potions of attraction
 v - 3 potions of haste {unknown}
 w - 2 potions of cancellation {unknown}
 z - 2 potions of berserk rage {unknown}


   Skills:
 - Level 6.6 Fighting
 - Level 1.5 Dodging
 * Level 13.1 Unarmed Combat
 + Level 8.9 Shapeshifting


You had 10 spell levels left.
You didn't know any spells.
Your spell library contained the following spells:

 Spells                   Type           Power      Damage    Failure   Level
 Freeze                   Ice            0%         1d3       45%         1
 Sting                    Tmut/Pois      0%         1d3       45%         1
 Blink                    Tloc           0%         N/A       58%         2
 Cigotuvi's Dreadful Rot  Necr/Pois/Air  0%         N/A       58%         2
 Lesser Beckoning         Tloc           0%         N/A       58%         2
 Momentum Strike          Conj/Tloc      0%         3d8       58%         2
 Poisonous Vapours        Pois/Air       0%         N/A       58%         2
 Static Discharge         Conj/Air       0%         2-2/arc   58%         2
 Frozen Ramparts          Ice            0%         1d1       83%         3
 Hailstorm                Conj/Ice       0%         3d3       83%         3
 Ignite Poison            Fire/Tmut/Pois 0%         N/A       83%         3
 Airstrike                Air            0%         2d(0-16)  99%         4
 Olgreb's Toxic Radiance  Pois           0%         N/A       99%         4
 Summon Lightning Spire   Summ/Air       0%         N/A       99%         4
 Freezing Cloud           Conj/Ice/Air   0%         6-21      100%        5


Dungeon Overview and Level Annotations

Branches:
Dungeon (11/15)            Temple (1/1) D:5            Lair (1/5) D:8
Ossuary (visited)
    Orc: D:9-12

Altars:
Ashenzari
Cheibriados
Dithmenos
Elyvilon
Fedhas
Gozag
Hepliaklqana
Kikubaaqudgha
Makhleb
Nemelex Xobeh
Okawaru
Qazlal
Ru
Sif Muna
Trog
Uskayaw
Vehumet
Wu Jian
Xom
Yredelemnul
Zin
The Shining One

Shops:
D:3 *   D:4 :   D:8 =

Annotations:
D:6 3 runed translucent doors, Nexanis's ghost, novice MiFi


Innate Abilities, Weirdness & Mutations

You are a hulking beast.
Your limbs bulge with bestial killing power. (Slay +4)
You are too large for most types of armour.
You have claws for hands.
Your natural rate of healing is unusually fast.
You are covered in fur. (AC +1)
You have tough skin. (AC +1)


Message History

The shadow slips into darkness.
The shadow flickers and vanishes!
Deactivating autopickup; reactivate with Ctrl-A.
You are too injured to fight recklessly!
You are too injured to fight recklessly!
You are too injured to fight recklessly!
You are too injured to fight recklessly!
You are too injured to fight recklessly!
You are too injured to fight recklessly!
You are too injured to fight recklessly!
You are too injured to fight recklessly!
You are too injured to fight recklessly!
You are too injured to fight recklessly!
You are too injured to fight recklessly!
You are too injured to fight recklessly!
You are too injured to fight recklessly!
You are too injured to fight recklessly!
You are too injured to fight recklessly!
You are too injured to fight recklessly!
You are too injured to fight recklessly!
You draw a card...
You have drawn Pain.
Press: ? - help, Shift-Dir - straight line, f - two-headed ogre
Aim: a two-headed ogre, wielding two +0 giant spiked clubs (lightly wounded)
The two-headed ogre convulses!
The shadow strikes at you from the darkness!
Reactivating autopickup.
You claw the two-headed ogre!
The two-headed ogre is almost dead.
The two-headed ogre hits you with a +0 giant spiked club!!
* * * LOW HITPOINT WARNING * * *
The two-headed ogre hits you with a +0 giant spiked club!
* * * LOW HITPOINT WARNING * * *
The shadow hits you.
You feel much better.
The two-headed ogre hits you with a +0 giant spiked club!!
* * * LOW HITPOINT WARNING * * *
The two-headed ogre hits you with a +0 giant spiked club!
You die...
Your body glows with a rainbow of weird colours and disappears.

..#.### ..[#.#.#
...#.#.#.# # ##
..#.#.#.#.# #. #.#
....#.#.#.#.#.# ##.#
#...#.#.#.#.#.#.
#.#O#W#.#.#.#.#.#.#.#
##.#h#.#.#.#.#.#.#.#.
#.#.#.#.#.#.#.#.#.#.#
##.#.#.#.#.#.#.#.#.#.
#.#.#.#.#.#.#.#.#.#.#
##.#.#.#.#.#.#.#.#.#.
#.#.#.#.#.#.#.#.#.#.#
##.#.#.#.#.#.#.#.#.#.
#.#.#.#.#.#.#.#.#.#.#
##.#.#.#.#.#.#.#.#.#.


You could see a two-headed ogre and a shadow.

Vanquished Creatures
  2 two-headed ogres
  An unseen horror (D:10)
  A komodo dragon (Lair:1)
  2 shadows (D:10)
  11 yaks
  2 vampires (D:10)
  A wraith (D:9)
  2 steam dragons
  A basilisk (Lair:1)
  Edmund (D:6)
  Menkaure (Ossuary)
  4 water moccasins
  Duvessa (D:7)
  3 sky beasts
  4 orc warriors
  3 black bears
  4 centaurs
  2 ogres
  2 phantoms
  A wolf (D:8)
  A gnoll sergeant (D:5)
  6 scorpions
  7 bullfrogs
  Dowan (D:7)
  12 killer bees
  4 hounds
  6 orc priests
  3 iguanas (D:5)
  2 jellies
  2 sleepcaps
  3 orc wizards
  3 mummies (Ossuary)
  14 gnolls
  6 adders
  A white imp (D:6)
  2 ufetubi (D:6)
  8 worms
  21 orcs
  6 ball pythons
  3 endoplasms
  2 giant cockroaches
  3 goblins
  9 hobgoblins
  9 jackals
  7 kobolds
  4 quokkas
  7 bats
  A frilled lizard (D:1)
  5 gnoll skeletons (Ossuary)
  3 gnoll zombies (Ossuary)
  2 goblin skeletons (Ossuary)
  5 goblin zombies (Ossuary)
  6 hobgoblin skeletons (Ossuary)
  4 hobgoblin zombies (Ossuary)
  5 kobold skeletons (Ossuary)
  3 kobold zombies (Ossuary)
  4 orc skeletons (Ossuary)
  7 orc zombies (Ossuary)
  4 rats
  3 rat skeletons (Ossuary)
  3 rat zombies (Ossuary)
256 creatures vanquished.

Vanquished Creatures (collateral kills)
  2 killer bees (D:8)
2 creatures vanquished.

Grand Total: 258 creatures vanquished

Notes
Turn   | Place    | Note
-------+----------+-------------------------------------------
     0 | D:1      | Persephone the Troll Shapeshifter began the quest for the
                  | Orb.
     0 | D:1      | Reached XP level 1. HP: 18/18 MP: 0/0
    12 | D:1      | You fall into a shaft and drop 1 floor!
    63 | D:2      | Reached skill level 1 in Fighting
    63 | D:2      | Reached XP level 2. HP: 18/27 MP: 1/1
   139 | D:2      | Found an ornate altar of the Wu Jian Council.
   547 | D:1      | Found a faded altar of an unknown god.
   557 | D:1      | Reached XP level 3. HP: 33/33 MP: 2/2
  1661 | D:3      | Reached skill level 4 in Unarmed Combat
  1713 | D:3      | Reached XP level 4. HP: 32/42 MP: 3/3
  2038 | D:3      | Found Hoeme's General Store.
  2394 | D:4      | Noticed a black bear
  2398 | D:4      | Found a sand-covered staircase.
  2404 | D:4      | Killed a black bear
  2405 | D:4      | Reached XP level 5. HP: 26/49 MP: 4/4
  2413 | Ossuary  | Entered an ossuary
  2590 | Ossuary  | Reached skill level 5 in Unarmed Combat
  2745 | Ossuary  | Noticed Menkaure
  2752 | Ossuary  | Killed Menkaure
  2753 | Ossuary  | Reached XP level 6. HP: 59/59 MP: 5/5
  3130 | D:4      | Identified the +10 spear of Rucim {holy, Dex+2}
  3140 | D:4      | Reached skill level 6 in Unarmed Combat
  3140 | D:4      | Reached XP level 7. HP: 53/67 MP: 6/6
  3301 | D:4      | Found Wuofia's Book Emporium.
  3461 | D:5      | Entered Level 5 of the Dungeon
  3461 | D:5      | Found a shimmering blue altar of Sif Muna.
  3605 | D:5      | Found a staircase to the Ecumenical Temple.
  3629 | Temple   | Entered the Ecumenical Temple
  3723 | Temple   | Became a worshipper of Nemelex Xobeh the Trickster
  3761 | D:5      | Reached skill level 7 in Unarmed Combat
  3761 | D:5      | Reached skill level 5 in Shapeshifting
  3768 | D:5      | Reached XP level 8. HP: 50/78 MP: 7/7
  4318 | D:6      | Reached skill level 8 in Unarmed Combat
  4416 | D:6      | Noticed Edmund
  4424 | D:6      | Killed Edmund
  4795 | D:6      | Reached * piety under Nemelex Xobeh
  4840 | D:6      | Found a runed translucent gate.
  4840 | D:6      | Identified the +5 chain mail of Bystigugg {rC- rN+ Dex+2
                  | SInv}
  4840 | D:6      | Noticed Nexanis's ghost (novice MiFi)
  4881 | D:6      | Found a runed translucent gate.
  4882 | D:6      | Found a runed translucent gate.
  5039 | D:7      | Reached XP level 9. HP: 74/87 MP: 8/8
  5100 | D:7      | Received a gift from Nemelex Xobeh
  5224 | D:7      | Reached skill level 9 in Unarmed Combat
  5259 | D:7      | Reached skill level 5 in Fighting
  5304 | D:7      | Noticed Duvessa
  5310 | D:7      | Killed Duvessa
  5310 | D:7      | Noticed Dowan
  5315 | D:7      | Killed Dowan
  5338 | D:7      | Identified the +11 mace of Wrath {drain, Will+ rCorr}
  5423 | D:7      | Reached ** piety under Nemelex Xobeh
  5789 | D:7      | Noticed a moth of wrath
  5791 | D:7      | Found a bloodstained altar of Trog.
  6061 | D:8      | Found a staircase to the Lair.
  6084 | D:8      | Reached skill level 10 in Unarmed Combat
  6153 | D:8      | Reached XP level 10. HP: 77/98 MP: 9/9
  6193 | D:8      | Received a gift from Nemelex Xobeh
  6222 | Lair:1   | Entered Level 1 of the Lair of Beasts
  6232 | Lair:1   | Reached skill level 11 in Unarmed Combat
  6249 | Lair:1   | Noticed a cane toad
  6704 | D:8      | Noticed a centaur warrior
  6704 | D:8      | Noticed a cyclops
  6705 | D:8      | Noticed a centaur warrior
  6706 | D:8      | Noticed a deep elf pyromancer
  6734 | D:8      | Found Aqoiv's Jewellery Shop.
  6797 | D:8      | Noticed a two-headed ogre
  6881 | D:9      | Noticed a two-headed ogre
  6893 | D:9      | Killed a two-headed ogre
  7022 | D:9      | Reached skill level 12 in Unarmed Combat
  7222 | D:9      | Identified the ring "Reoklaq" {+Blink rElec rCorr Int+2
                  | Dex+3}
  7350 | D:9      | Reached *** piety under Nemelex Xobeh
  7609 | D:10     | Entered Level 10 of the Dungeon
  7682 | D:10     | Found a burning altar of Makhleb.
  7685 | D:10     | Found an ornate altar of the Wu Jian Council.
  7689 | D:10     | Found a sacrificial altar of Ru.
  7690 | D:10     | Found a blossoming altar of Fedhas.
  7692 | D:10     | Found a radiant altar of Vehumet.
  7693 | D:10     | Found a hazy altar of Hepliaklqana.
  7695 | D:10     | Found a snail-covered altar of Cheibriados.
  7699 | D:10     | Found a broken altar of Ashenzari.
  7903 | D:10     | Received a gift from Nemelex Xobeh
  7907 | D:10     | Noticed a two-headed ogre
  7912 | D:10     | Killed a two-headed ogre
  7913 | D:10     | Reached XP level 11. HP: 87/107 MP: 10/10
  8069 | D:10     | Reached skill level 13 in Unarmed Combat
  8176 | D:10     | Found an ancient bone altar of Kikubaaqudgha.
  8183 | D:10     | Found a shimmering altar of Xom.
  8188 | D:10     | Found a basalt altar of Yredelemnul.
  8541 | D:11     | Received a gift from Nemelex Xobeh
  8638 | D:11     | Reached **** piety under Nemelex Xobeh
  8706 | D:11     | Noticed a two-headed ogre
  8710 | D:11     | HP: 4/107 [two-headed ogre/+0 giant spiked club (23)]
  8710 | D:11     | Mangled by a two-headed ogre

Illustrated notes

Levels and vault maps discovered:
D:1:      saegor_arrival_under_anarchy, layout_loops_ring,
          dreamdust_ecumenical_altar_grove
D:2:      layout_basic, basic_altar, chequers_serial_rivers_micro_d
D:3:      layout_basic, serial_shops, shop, minmay_misc_feat_pillars,
          hangedman_abyss_or_decor_stabs
D:4:      layout_gridville, serial_shops, shop,
          mainiacjoe_ossuary_entry_dusty_tomb
D:5:      layout_cave_pools, mainiacjoe_overflow_catwalk,
          minmay_temple_entry_wispy, serial_column_ruins,
          column_ruins_open_tiny, column_ruins_open_tiny,
          column_ruins_open_small_water, column_ruins_open_tiny,
          column_ruins_columns_straight, grunt_decor_junction,
          kennysheep_decorative_pillar, kennysheep_generic_room_11
D:6:      layout_cave_pools, biasface_ghost_orc_armoury, uniq_edmund,
          uniq_menkaure
D:7:      layout_basic, tgw_trog, small_statue_intersection, uniq_duvessa
D:8:      layout_cave_pools, due_lair_maze_entry_diamond, serial_gnoll_camp,
          gnoll_camp_mini_shop, gnoll_camp_mini_loothouse, gnoll_camp_mini_hut,
          gnoll_camp_mini_doghouse, minivault_12
D:9:      layout_long_grid
D:10:     layout_cave_pools, nicolae_overflow_hallway_of_the_gods,
          minmay_overflow_temple_star_quad, nicolae_water_bricks
D:11:     layout_basic
Temple:   nicolae_temple_bog_church
Lair:1:   layout_cave_shapes, lemuel_fruit_tree, infiniplex_staircase_pool,
          lemuel_fruit_fields

Skill      XL: |  1  2  3  4  5  6  7  8  9 10 11 |
---------------+----------------------------------+-----
Fighting       | 1 2 3 4 6 |  6.6
Unarmed Combat | 4 5 6 7 8 10 12 13 | 13.1
Shapeshifting  | 4 5 6 7 8 |  8.9
Dodging        | |  1.5

Action                     |  1- 3 |  4- 6 |  7- 9 | 10-12 || total
---------------------------+-------+-------+-------+-------++-------
  Melee: Unarmed           |    88 |   142 |   196 |   181 ||   607
         Punch             |       |     6 |    12 |    11 ||    29
 Invoke: Draw Destruction  |       |       |     2 |     6 ||     8
         Draw Summoning    |       |       |       |     1 ||     1
         Draw Escape       |       |       |       |     2 ||     2
    Use: Scroll            |       |    13 |       |     7 ||    20
         Potion            |       |       |       |     4 ||     4
 Armour: Animal skin       |    59 |    63 |   129 |       ||   251
         Robe              |       |       |    53 |   237 ||   290
  Dodge: Dodged            |    32 |    37 |    79 |   105 ||   253

Table legend: (Time is in decaauts)
 A = Elapsed time spent in this place.
 B = Non-inter-level travel time spent in this place.
 C = Inter-level travel time spent in this place.
 D = Time resting spent in this place.
 E = Time spent auto-exploring this place.
 F = Levels seen in this place.
 G = Mean time per level.
                   A        B        C        D        E       F      G
               +--------+--------+--------+--------+--------+-----+--------+
         Total |   8631 |   8256 |    375 |      6 |   6590 |  14 |  616.5 |
       Dungeon |   8029 |   7740 |    289 |      0 |   6385 |  11 |  729.9 |
        Temple |    111 |     25 |     86 |      6 |      0 |   1 |  111.0 |
          Lair |     27 |     27 |      0 |      0 |     17 |   1 |   27.0 |
       Ossuary |    463 |    463 |      0 |      0 |    188 |   1 |  463.0 |
               +--------+--------+--------+--------+--------+-----+--------+

Top non-repeatable levels by time:
     D:7: 1009 daAuts
     D:2: 918 daAuts
     D:8: 818 daAuts
     D:6: 773 daAuts
    D:10: 746 daAuts
     D:9: 699 daAuts
     D:1: 692 daAuts
     D:4: 688 daAuts
     D:3: 674 daAuts
     D:5: 670 daAuts
 Ossuary: 463 daAuts
    D:11: 337 daAuts
  Temple: 111 daAuts
  Lair:1: 27 daAuts
